 Dungeon Crawl Stone Soup version 0.30-a0-715-gdb4ae3ece1 (webtiles) character file.

Game seed: 6779463065532825303

259 sokol815 the Slasher (level 5, -7/45 HPs)
             Began as a Demigod Fighter on Jan 25, 2023.
             Mangled by an ogre
             ... wielding a +0 giant spiked club
              (24 damage)
             ... on level 5 of the Dungeon.
             The game lasted 00:03:49 (2984 turns).

sokol815 the Slasher (Demigod Fighter)              Turns: 2984, Time: 00:03:49

Health: -7/45      AC: 13    Str: 17    XL:     5   Next: 63%
Magic:  7/7        EV:  5    Int: 10    God:
Gold:   137        SH:  5    Dex: 17    Spells: 4/4 levels left

rFire   + . .      SeeInvis .    k - +2 spear (venom)
rCold   . . .      Faith    .    c - +0 buckler
rNeg    . . .      Spirit   .    d - +2 plate armour {rF+}
rPois   +          Reflect  .    (no helmet)
rElec   .          Harm     .    l - scarf {shadows}
rCorr   .          Rampage  .    (no gloves)
Will    .....                    (no boots) Stlth
                                 (no amulet)
HPRegen 0.27/turn                P - ring of poison resistance {rPois, !d}
MPRegen 0.10/turn                (no ring)

@: no status effects
A: high MP 1, forlorn, divine attributes
a: no special abilities


You were on level 5 of the Dungeon.
You visited 1 branch of the dungeon, and saw 5 of its levels.

You collected 137 gold pieces.

Inventory:

Hand Weapons
 a - a +0 long sword
 k - a +2 spear of venom (weapon)
   (You found it on level 1 of the Dungeon)
Missiles
 e - 11 poisoned darts
 s - 12 stones
Armour
 b - a +0 scale mail
 c - a +0 buckler (worn)
 d - a +2 plate armour of fire resistance (worn)
   (You found it on level 1 of the Dungeon)
 h - the +2 ring mail "Dookoixt" {rN+ Str-3 Dex+3}
   (You found it on level 3 of the Dungeon)

   Str:       It affects your strength (-3).
   Dex:       It affects your dexterity (+3).
   rN:        It protects you from negative energy.
 l - a scarf of shadows (worn)
   (You found it on level 2 of the Dungeon)
Jewellery
 P - a ring of poison resistance (left hand) {rPois, !d}
   (You found it on level 1 of the Dungeon)
Scrolls
 f - a scroll of fog
 g - a scroll of silence {unknown}
 m - a scroll of amnesia {unknown}
 o - a scroll of noise {unknown}
 E - a scroll of fear
 X - 2 scrolls of magic mapping {@r4!r}
Potions
 i - a potion of mutation {unknown}
 j - a potion of haste {unknown}
 n - 2 potions of heal wounds {unknown}
 p - 2 potions of flight {unknown}
 J - a potion of curing {@q1}
 M - a potion of might


   Skills:
 + Level 3.6 Fighting
 * Level 3.8 Long Blades
 + Level 3.6 Armour
 + Level 2.0 Dodging
 - Level 2.6 Shields


You had 4 spell levels left.
You didn't know any spells.
Your spell library contained the following spells:

 Spells                   Type           Power      Damage    Failure   Level
 Freeze                   Ice            0%         1d3       100%        1
 Frozen Ramparts          Ice            0%         1d1       100%        3
 Hailstorm                Conj/Ice       0%         3d3       100%        3


Dungeon Overview and Level Annotations

Branches:
Dungeon (5/15) Zot: 26894
 Temple: D:4-7

Annotations:
D:4 Ijyb
D:5 3 runed translucent doors, elongatedgoose's ghost, novice DsBr


Innate Abilities, Weirdness & Mutations

You have an increased reservoir of magic. (+10% MP)
You shall have no god before yourself.
Your divine heritage dramatically boosts your attributes as you level up.


Message History

There is a stone staircase leading up here.
No target in view!
You now have 111 gold pieces (gained 11).
There is a stone staircase leading up here.
You now have 120 gold pieces (gained 9).
There is a stone staircase leading down here.
There is a stone staircase leading down here.
You now have 127 gold pieces (gained 7).
You open the door.
There is an open door here.
You open the door.
There is an open door here.
A jackal comes into view.
A ball python comes into view.
The ball python hisses angrily.
You hit the jackal.
The jackal is poisoned.
You block the jackal's attack.
The jackal bites you but does no damage.
You hit the jackal.
You kill the jackal!
You reach to attack!
You barely miss the ball python. You block the ball python's attack.
The ball python grabs you. The ball python constricts you.
You take 1 damage, and have 44/45 hp.
You hit the ball python.
You kill the ball python!
No target in view!
No target in view!
Ijyb and a jackal come into view.
Ijyb is wielding a +0 club and carrying a wand of quicksilver (9).
Ijyb shouts!
The jackal barks!
The jackal moves out of view.
Health restored: 45 Ijyb zaps a wand.
The bolt of dispelling energy hits the jackal!
The jackal dies!
The bolt of dispelling energy hits you!
You take 15 damage, and have 30/45 hp.
MASSIVE DAMAGE!!
There is a stone staircase leading down here.
You climb downwards.
There is a stone staircase leading up here.
Found an escape hatch in the floor.
Health restored: 45 You now have 137 gold pieces (gained 10).
There is a stone staircase leading up here.
There is an escape hatch in the floor here.
Elongatedgoose's ghost turns its malevolent gaze towards you.
Found a stone staircase leading up.
You pick up a book of Frost and begin reading...
You add the spells Freeze, Frozen Ramparts and Hailstorm to your library.
A white imp comes into view.
The white imp shouts, "Abandon hope, thou fulsome crook-pated guttersnipe!"
You hit the white imp.
The white imp is poisoned.
The white imp gestures at you. The puff of frost misses you.
You closely miss the white imp.
The white imp hits you but does no damage.
You hit the white imp.
The white imp hits you but does no damage.
You hit the white imp.
You kill the white imp!
No target in view!
An orc comes into view. It is wielding a +0 dagger.
You reach to attack!
You closely miss the orc. You barely miss the orc. You block the orc's attack.
You closely miss the orc. You block the orc's attack.
The orc hits you but does no damage.
You hit the orc.
The orc is poisoned.
You kill the orc!
No target in view!
No target in view!
You see here a +0 dagger.
An orc comes into view. It is wielding a +0 mace.
The orc shouts!
You hear a shout!
You reach to attack!
You barely miss the orc.
An orc comes into view. It is wielding a +0 mace.
You puncture the orc!
You kill the orc!
You reach to attack!
You hit the orc.
The orc is poisoned.
You closely miss the orc.
You kill the orc!
No target in view!
An ogre comes into view. It is wielding a +0 giant spiked club.
The ogre shouts!
You reach to attack!
You hit the ogre.
The ogre is poisoned.
The ogre barely misses you.
You puncture the ogre!
The ogre looks as sick as possible!
You barely miss the ogre.
The ogre hits you with a +0 giant spiked club!!
Ouch! That really hurt!
You take 27 damage, and have 18/45 hp.
MASSIVE DAMAGE!!
You hit the ogre.
The ogre looks as sick as possible!
The ogre hits you with a +0 giant spiked club.
You take 1 damage, and have 17/45 hp.
You barely miss the ogre.
The ogre hits you with a +0 giant spiked club!!
Ouch! That really hurt!
You die...

#.# #####.......
#.# ###.....###...
####.###...#####
##.# #..).##..###
.Z.. #..
#.#).##......5W##.
##..##....###...#.
#..#..".# ...Z.#.
##..#....# ....##.
#@#.+...## ...W#..
....?O##.+...#
=Z5Z#.. ####.#
#.+...# ..#5##. #.
..#...# . #. #. #
.#.... # #. .##...
#. #. .. ..


You could see an ogre (extremely poisoned).

Vanquished Creatures
  A scorpion (D:3)
  A hound (D:3)
  Natasha (D:2)
  3 adders
  4 gnolls (D:3)
  A white imp (D:5)
  4 worms
  A dart slug (D:2)
  3 orcs (D:5)
  3 ball pythons
  3 endoplasms
  5 hobgoblins
  A jackal (D:4)
  2 quokkas (D:3)
  10 bats
  A frilled lizard (D:2)
  8 goblins
  2 kobolds (D:2)
  9 rats
63 creatures vanquished.

Vanquished Creatures (others)
  A jackal (D:4)
1 creature vanquished.

Grand Total: 64 creatures vanquished

Notes
Turn   | Place    | Note
-------+----------+-------------------------------------------
     0 | D:1      | sokol815 the Demigod Fighter began the quest for the Orb.
     0 | D:1      | Reached XP level 1. HP: 18/18 MP: 3/3
   206 | D:1      | Reached skill level 2 in Long Blades
   453 | D:1      | Reached XP level 2. HP: 25/25 MP: 4/4
  1410 | D:2      | Reached skill level 3 in Fighting
  1410 | D:2      | Reached skill level 3 in Armour
  1510 | D:2      | Reached skill level 1 in Dodging
  1510 | D:2      | Reached XP level 3. HP: 31/31 MP: 5/5
  1676 | D:2      | Noticed Natasha
  1682 | D:2      | Killed Natasha
  1790 | D:2      | Reached XP level 4. HP: 37/38 MP: 6/6
  1946 | D:3      | Reached skill level 3 in Long Blades
  2152 | D:3      | Identified the +2 ring mail "Dookoixt" {rN+ Str-3 Dex+3}
  2273 | D:3      | Reached XP level 5. HP: 45/45 MP: 7/7
  2497 | D:3      | Reached skill level 2 in Dodging
  2841 | D:4      | Noticed Ijyb
  2882 | D:5      | Entered Level 5 of the Dungeon
  2932 | D:5      | Noticed elongatedgoose's ghost (novice DsBr)
  2968 | D:5      | Found a runed translucent gate.
  2968 | D:5      | Found a runed translucent gate.
  2968 | D:5      | Found a runed translucent gate.
  2979 | D:5      | Noticed an ogre
  2984 | D:5      | Mangled by an ogre

Illustrated notes

Levels and vault maps discovered:
D:1:      dpeg_arrival_brainrot, layout_basic, nicolae_hexahallways
D:2:      layout_loops_corners, grunt_ministairs_5, uniq_natasha
D:3:      layout_basic, st_stairs_10
D:4:      layout_rooms, lemuel_crystal_altar,
          mainiacjoe_overflow_small_starburst, kennysheep_nondescript,
          nrook_uturn, bh_walls_and_bars, uniq_ijyb
D:5:      kennysheep_windowed_halls, layout_loops_ring,
          lemuel_coloured_pillars_altar, marbit_many_paths, gammafunk_ghost_icy,
          uniq_eustachio

Skill      XL: |  1  2  3  4  5 |
---------------+----------------+-----
Long Blades    | 2 3 |  3.8
Fighting       | 3 |  3.6
Armour         | 3 |  3.6
Dodging        | 1 2 |  2.0
Shields        | |  2.6

Action                     |  1- 3 |  4- 6 || total
---------------------------+-------+-------++-------
  Melee: Long sword        |    42 |       ||    42
         Spear             |    61 |   103 ||   164
  Throw: Stone             |     1 |       ||     1
    Use: Scroll            |     3 |     1 ||     4
 Armour: Plate armour      |    66 |    43 ||   109
  Dodge: Dodged            |    14 |    16 ||    30
  Block: Buckler           |    20 |    23 ||    43

Table legend: (Time is in decaauts)
 A = Elapsed time spent in this place.
 B = Non-inter-level travel time spent in this place.
 C = Inter-level travel time spent in this place.
 D = Time resting spent in this place.
 E = Time spent auto-exploring this place.
 F = Levels seen in this place.
 G = Mean time per level.
                   A        B        C        D        E       F      G
               +--------+--------+--------+--------+--------+-----+--------+
         Total |   3027 |   2986 |     41 |     48 |   2468 |   5 |  605.4 |
       Dungeon |   3027 |   2986 |     41 |     48 |   2468 |   5 |  605.4 |
               +--------+--------+--------+--------+--------+-----+--------+

Top non-repeatable levels by time:
     D:2: 986 daAuts
     D:1: 926 daAuts
     D:3: 858 daAuts
     D:4: 152 daAuts
     D:5: 104 daAuts

Table legend:
 A = Kills in this place as a percentage of kills in entire the game.
 B = Kills by you in this place as a percentage of kills by you in the entire game.
 C = Kills by friends in this place as a percentage of kills by friends in the entire game.
 D = Other kills in this place as a percentage of other kills in the entire game.
 E = Experience gained in this place as a percentage of experience gained in the entire game.
 F = Experience gained in this place divided by the number of levels of this place that you have seen.
                   A       B       C       D       E      F
               +-------+-------+-------+-------+-------+----------------------
         Total | 100.0 | 100.0 |   N/A |   N/A | 100.0 |  74.2
       Dungeon | 100.0 | 100.0 |   N/A |   N/A | 100.0 |  74.2
               +-------+-------+-------+-------+-------+----------------------
